 Dungeon Crawl Stone Soup version 0.31-a0-255-g9c3d1c461a (webtiles) character file.

Game seed: 8762599744530692863

75 qw the Shooter (level 4, 0/26 HPs)
             Began as a Gargoyle Hexslinger on July 12, 2023.
             Slain by a gnoll
             ... wielding a +0 flail
              (10 damage)
             ... on level 1 of the Dungeon.
             The game lasted 00:00:47 (1645 turns).

qw the Shooter (Gargoyle Hexslinger)                Turns: 1645, Time: 00:00:47

Health: 0/26       AC:  6    Str: 12    XL:     4   Next: 31%
Magic:  5/5        EV: 12    Int: 13    God:
Gold:   123        SH:  0    Dex: 14    Spells: 4/5 levels left

rFire   . . .        Y - +1 sling
rCold   . . .        (no shield)
rNeg    + . .        c - +0 robe
rPois   inf          h - +0 helmet
rElec   +            (no cloak)
rCorr   +            (no gloves)
SInv    .            (no boots)
Will    .....        (no amulet)
Stlth   +            e - ring of resist corrosion
HPRegen 0.24/turn    (no ring)
MPRegen 0.09/turn

%: no passive effects
@: no status effects
A: sickness immunity, AC +3, negative energy resistance 1, electricity
resistance, torment resistance 1, petrification resistance
a: no special abilities


You were on level 1 of the Dungeon.
You visited 1 branch of the dungeon, and saw 2 of its levels.

You collected 123 gold pieces.


Innate Abilities, Weirdness & Mutations

You are immune to sickness and miasma.
Your stone body is resilient. (AC +3)
You are immune to poison.
You resist negative energy. (rN+)
You are resistant to electric shocks. (rElec)
You are resistant to unholy torment.
You are immune to petrification.


   Skills:
 - Level 2.0 Fighting
 + Level 4.1 Ranged Weapons
 - Level 1.5 Dodging
 - Level 1.0 Spellcasting
 - Level 2.6 Hexes


You had 4 spell levels left.
You knew the following spells:

 Your Spells              Type           Power      Damage    Failure   Level
a - Slow                  Hex            28%        N/A       10%         1

Your spell library contained the following spells:

 Spells                   Type           Power      Damage    Failure   Level
 Inner Flame              Hex/Fire       4%         N/A       43%         3
 Portal Projectile        Hex/Tloc       8%         N/A       43%         3
 Cause Fear               Hex            3%         N/A       67%         4

Inventory:

Hand Weapons
 Y - a +1 sling (weapon)
Armour
 c - a +0 robe (worn)
 h - a +0 helmet (worn)
Jewellery
 e - a ring of resist corrosion (left hand)
Scrolls
 a - a scroll of identify
Potions
 d - a potion of enlightenment {unknown}
 f - a potion of heal wounds {unknown}
 g - a potion of mutation {unknown}
 i - a potion of curing {unknown}
 j - 2 potions of might

Dungeon Overview and Level Annotations

Branches:
Dungeon (2/15)

Altars:

Shops:
D:1 =


Message History

Enter note: You start resting.
HP restored.
Done exploring.
1636 ||| READING scroll labelled ULEUVU QEE.
As you read the scroll labelled ULEUVU QEE, it crumbles to dust.
You feel momentarily disoriented.
It was a scroll of revelation.
Enter note:
Enter note:
Enter note:
Enter note:
Enter note:
Enter note: Done exploring.
(D) Dungeon
Where to? (* - list waypoints, Enter - D:2, ? - help)
What level of the Dungeon? (default 1, ? - help)
You climb downwards.
The gnoll closely misses you.
There is a stone staircase leading up here.
A gnoll is nearby!
You shoot a sling bullet.
The sling bullet closely misses the gnoll.
The gnoll barely misses you. The gnoll hits you but does no damage.
You shoot a sling bullet.
The sling bullet hits the gnoll but does no damage.
The gnoll barely misses you.
You shoot a sling bullet.
The sling bullet barely misses the gnoll.
The gnoll hits you with a +0 flail.
1642 ||| STAIRDANCE The gnoll hits you with a +0 flail!
You climb upwards.
There is a stone staircase leading down here.
You shoot a sling bullet. The sling bullet hits the gnoll.
The gnoll is heavily wounded.
The gnoll hits you with a +0 flail.
You shoot a sling bullet. The sling bullet hits the gnoll.
The gnoll is almost dead.
The gnoll hits you with a +0 flail!
You die...

###..# #.# #.# #.##. ..#..#
#.##########.#### #.### .....#
#.##########.#### #.###
#.#.####.#......>(..#### #.##.
#.#.###.#..############# ##.#.~
.......###.#################..##.
......## ##.############......###
#.#.#.%###.###########.....#..# #
#.#.#.#.#.......@.####.....######
....#.##.#######.g............##.
..###.##########..####.....#####.
### #.# #######..####.....# #.
#.# #######..######.### ## #.#
#######..######.# #. #.#
#........######.#######. #.#
#.#####.#######......##. #.# #.#
#...# ######.##.


You could see a gnoll.

Vanquished Creatures
  A gnoll (D:2)
  A worm (D:2)
  2 dart slugs
  3 bats
  5 endoplasms
  5 giant cockroaches
  4 goblins
  7 hobgoblins
  3 kobolds (D:1)
  7 quokkas
  6 ball pythons
  2 frilled lizards
  3 rats
49 creatures vanquished.

Notes
Turn   | Place    | Note
-------+----------+-------------------------------------------
     0 | D:1      | qw the Gargoyle Hexslinger began the quest for the Orb.
     0 | D:1      | Reached XP level 1. HP: 12/12 MP: 2/2
     0 | D:1      | 0 ||| qw: Version: 0.3-a-52-g30416fa
     0 | D:1      | 0 ||| qw: Game counter: 6672
     0 | D:1      | 0 ||| qw: Melee chars always use a shield: true
     0 | D:1      | 0 ||| qw: God list: Okawaru
     0 | D:1      | 0 ||| qw: Allow faded altars: false
     0 | D:1      | 0 ||| qw: Do Orc after clearing Dungeon:15 true
     0 | D:1      | 0 ||| qw: Do second Lair branch before Depths: true
     0 | D:1      | 0 ||| qw: Lair rune preference: random
     0 | D:1      | 0 ||| qw: Goals: Normal
     0 | D:1      | 0 ||| PLANNING D:1-11
   174 | D:1      | Reached XP level 2. HP: 16/16 MP: 3/3
   194 | D:1      | You fall into a shaft and drop 1 floor!
   290 | D:2      | Reached skill level 3 in Ranged Weapons
   442 | D:2      | Reached XP level 3. HP: 19/21 MP: 4/4
   690 | D:2      | 690 ||| UPGRADING to +0 helmet.
   695 | D:2      | 695 ||| READING scroll labelled KUASME REAPTO.
   696 | D:2      | 696 ||| READING scroll labelled HUEXEA KAERPHUD.
   710 | D:2      | 710 ||| READING scroll labelled XUMEACWUDA.
   711 | D:2      | 711 ||| READING scroll labelled SAUNIKH HOTAIFF.
   712 | D:2      | 712 ||| DROPPING scroll of poison.
   961 | D:1      | Found a faded altar of an unknown god.
   964 | D:1      | Reached XP level 4. HP: 26/26 MP: 5/5
  1095 | D:1      | Found Viadoesi's Jewellery Shoppe.
  1104 | D:1      | 1104 ||| SHOPLISTING +5 ring of evasion (396 gold, have
                  | 95).
  1104 | D:1      | 1104 ||| SHOPLISTING +6 ring of strength (396 gold, have
                  | 95).
  1104 | D:1      | 1104 ||| SHOPLISTING amulet of reflection (330 gold, have
                  | 95).
  1104 | D:1      | 1104 ||| SHOPLISTING ring of Sameco Tyty {Int+5 SInv} (357
                  | gold, have 95).
  1104 | D:1      | 1104 ||| SHOPLISTING ring of fire (275 gold, have 95).
  1147 | D:1      | Reached skill level 4 in Ranged Weapons
  1317 | D:1      | 1317 ||| UPGRADING to ring of resist corrosion.
  1318 | D:1      | 1318 ||| READING scroll labelled ZAFIRPH QERO.
  1419 | D:1      | 1419 ||| DRINKING 3 black potions.
  1589 | D:2      | 1589 ||| FLEEEEING.
  1590 | D:2      | 1590 ||| FLEEEEING.
  1591 | D:2      | 1591 ||| FLEEEEING.
  1592 | D:2      | 1592 ||| FLEEEEING.
  1593 | D:2      | 1593 ||| FLEEEEING.
  1594 | D:2      | 1594 ||| FLEEEEING.
  1595 | D:2      | 1595 ||| FLEEEEING.
  1596 | D:2      | 1596 ||| FLEEEEING.
  1597 | D:2      | 1597 ||| FLEEEEING.
  1598 | D:2      | 1598 ||| FLEEEEING.
  1599 | D:2      | 1599 ||| FLEEEEING.
  1600 | D:2      | 1600 ||| FLEEEEING.
  1601 | D:2      | 1601 ||| FLEEEEING.
  1602 | D:2      | 1602 ||| FLEEEEING.
  1603 | D:2      | 1603 ||| FLEEEEING.
  1604 | D:2      | 1604 ||| FLEEEEING.
  1605 | D:2      | 1605 ||| FLEEEEING.
  1606 | D:2      | 1606 ||| FLEEEEING.
  1607 | D:2      | 1607 ||| FLEEEEING.
  1608 | D:2      | 1608 ||| FLEEEEING.
  1609 | D:2      | 1609 ||| FLEEEEING.
  1610 | D:2      | 1610 ||| STAIRDANCE
  1636 | D:1      | 1636 ||| READING scroll labelled ULEUVU QEE.
  1642 | D:2      | 1642 ||| STAIRDANCE
  1645 | D:1      | Slain by a gnoll

Levels and vault maps discovered:
D:1:      lightli_arrival_windingriver, layout_loops_ring,
          ebering_ecumenical_altar_abandoned, serial_shops, shop
D:2:      wad_woods_tower, layout_basic, kennysheep_generic_room_2

Skill      XL: |  1  2  3  4 |
---------------+-------------+-----
Ranged Weapons | 3 4 |  4.1
Fighting       | 2 |  2.0
Dodging        | |  1.5
Spellcasting   | |  1.0
Hexes          | |  2.6

Action                     |  1- 3 |  4- 6 || total
---------------------------+-------+-------++-------
   Fire: Sling             |   133 |    43 ||   176
    Use: Scroll            |     4 |     2 ||     6
         Potion            |       |     1 ||     1
 Armour: Robe              |    17 |     6 ||    23
  Dodge: Dodged            |    43 |    17 ||    60

Table legend:
 A = Non-vault XP
 B = Vault XP
 C = Vault XP percentage of total XP
 D = Non-vault monster count
 E = Vault monster count
 F = Vault count percentage of total count
                 A         B        C        D         E       F
            +---------+---------+-------+---------+---------+-------
      Total |      87 |      21 |  19.4 |      44 |       5 |  10.2
            +---------+---------+-------+---------+---------+-------
        D:1 |      51 |       0 |   0.0 |      27 |       0 |   0.0
        D:2 |      36 |      21 |  36.8 |      17 |       5 |  22.7
            +---------+---------+-------+---------+---------+-------
